 Dungeon Crawl Stone Soup version 0.31-a0-836-g3ceb0a68c4 (webtiles) character file.

Game seed: 3295411757349173771

1153 Kurtz the Cleaver (level 8, -2/52 HPs)
             Began as an Octopode Fighter on Sept 27, 2023.
             Was a Follower of Okawaru.
             Slain by a kobold
             ... wielding a +0 trident
              (4 damage)
             ... on level 5 of the Dungeon.
             The game lasted 00:04:02 (4957 turns).

Kurtz the Cleaver (Octopode Fighter)                Turns: 4957, Time: 00:04:03

Health: -2/52      AC:  1    Str: 23    XL:     8   Next: 38%
Magic:  6/8        EV: 15    Int: 10    God:    Okawaru [*.....]
Gold:   293        SH:  6    Dex: 12    Spells: 3/7 levels left

rFire   . . .        a - +0 war axe
rCold   . . .        b - +0 buckler
rNeg    . . .        (helmet restricted)
rPois   .            (no amulet)
rElec   .            j - +6 ring of strength
rCorr   .            s - ring of willpower
SInv    .            c - ring of wizardry
Will    +....        (no ring)
Stlth   ++++         (no ring)
HPRegen 0.28/turn    (no ring)
MPRegen 0.11/turn    (no ring)
                     (no ring)

%: wizardry (x1)
@: lethally poisoned (-2 -> -5), heroic
A: almost no armour, amphibious, 8 rings, camouflage 1, gelatinous body 1,
(nimble swimmer 1), tentacles
a: Renounce Religion, Heroism


You were on level 5 of the Dungeon.
You worshipped Okawaru.
Okawaru was aware of your devotion.
You visited 1 branch of the dungeon, and saw 6 of its levels.

You collected 293 gold pieces.

Inventory:

Hand Weapons
 a - a +0 war axe (weapon)
 g - a +0 whip of flaming
Missiles
 o - 5 poisoned darts (quivered)
Armour
 b - a +0 buckler (worn)
Jewellery
 c - a ring of wizardry (on tentacle)
 j - a +6 ring of strength (left tentacle)
 s - a ring of willpower (right tentacle)
Scrolls
 d - 4 scrolls of identify {unknown}
 f - a scroll of revelation {unknown}
 i - 2 scrolls of teleportation {unknown}
 k - a scroll of fear {unknown}
 m - 2 scrolls of immolation {unknown}
 p - a scroll of acquirement {unknown}
 r - a scroll of amnesia {unknown}
Potions
 h - 2 potions of degeneration {unknown}
 l - a potion of haste {unknown}
 n - 3 potions of brilliance
 q - a potion of mutation {unknown}


   Skills:
 - Level 3.0(8.0) Fighting
 * Level 9.9(14.9) Axes
 - Level 3.0(8.0) Dodging
 - Level 3.0(8.0) Shields


You had 3 spell levels left.
You knew the following spells:

 Your Spells              Type           Power      Damage    Failure   Level
a - Passage of Golubria   Tloc           0%         N/A       83%         4

Your spell library contained the following spells:

 Spells                   Type           Power      Damage    Failure   Level
 Blink                    Tloc           0%         N/A       26%         2
 Ensorcelled Hibernation  Hex/Ice        0%         N/A       26%         2
 Lesser Beckoning         Tloc           0%         N/A       26%         2
 Momentum Strike          Conj/Tloc      0%         3d8       26%         2
 Passwall                 Tmut/Erth      0%         N/A       26%         2
 Hailstorm                Conj/Ice       0%         3d3       45%         3
 Sigil of Binding         Hex            0%         N/A       45%         3
 Swiftness                Air            0%         N/A       45%         3
 Dimensional Bullseye     Hex/Tloc       0%         N/A       83%         4
 Leda's Liquefaction      Hex/Erth       0%         N/A       83%         4
 Yara's Violent Unravell  Hex/Tmut       0%         3d3       99%         5
 Call Canine Familiar     Summ           Unusable   N/A       N/A         3
 Tukima's Dance           Hex            Unusable   N/A       N/A         3
 Summon Ice Beast         Ice/Summ       Unusable   N/A       N/A         4
 Simulacrum               Ice/Necr       Unusable   N/A       N/A         6

Dungeon Overview and Level Annotations

Branches:
Dungeon (6/15)             Temple (0/1) D:4

Altars:
Hepliaklqana
Kikubaaqudgha
Nemelex Xobeh
Okawaru
Sif Muna
Xom

Annotations:
D:3 2 transporters, 1 runed translucent door, Crazy Yiuf


Innate Abilities, Weirdness & Mutations

You cannot wear most types of armour.
You are amphibious.
You can wear up to eight rings at the same time.
Your skin changes colour to match your surroundings (Stealth+).
Your rubbery body absorbs attacks. (AC +1, EV +1)
((You are camouflaged when in or above water. (Stealth+)))
You have tentacles for arms and can constrict up to eight enemies at once.


Message History

You barely miss the kobold. x3; The kobold hits you with a +0 dagger.
The kobold hits you with a +0 short sword.
* * * LOW HITPOINT WARNING * * *
The kobold hits you with a +0 club.
* * * LOW HITPOINT WARNING * * *
The kobold hits you with a +0 dagger.
* * * LOW HITPOINT WARNING * * *
You block the kobold's attack.
The kobold hits you from afar with a +0 trident.
* * * LOW HITPOINT WARNING * * *
You feel better. The kobold barely misses you.
The kobold hits you with a +0 dagger.
* * * LOW HITPOINT WARNING * * *
The kobold misses you. The kobold hits you with a +0 dagger.
* * * LOW HITPOINT WARNING * * *
The kobold hits you with a +0 club.
* * * LOW HITPOINT WARNING * * *
The kobold hits you with a +0 short sword.
* * * LOW HITPOINT WARNING * * *
The kobold brigand throws a poisoned dart.
The poisoned dart hits you!
You are poisoned.
You gain the combat prowess of a mighty hero.
You feel sick. You block the kobold's attack. The kobold closely misses you.
The kobold hits you but does no damage. The kobold hits you with a +0 club.
* * * LOW HITPOINT WARNING * * *
The kobold completely misses you. You block the kobold's attack.
Unknown command.
You barely miss the kobold. You grab the kobold.
You closely miss the kobold. x2
You hit the kobold. You slash the kobold!
You kill the kobold!
Okawaru accepts your kill.
You barely miss the kobold. You hit the kobold.
You kill the kobold!
Okawaru accepts your kill.
You constrict the kobold.
* * * LOW HITPOINT WARNING * * *
You feel sick.
The kobold hits you from afar with a +0 trident.
You die...

.........†.....
.......†.§§†...
.........§§....
.P.......)..... ##
............. ##<
♣...K....... #..
♣..KKKK....♣ ####. ♣.)@K.♣
#.#.. ##♣K)♣# ######..#.
#♣♣...# #...#.#.#. ##♣....##
##........ #...♣.##
##.###.## ##....## ♣♣
###.###.## #....####P♣
#.......#. #
##♣)..##..#####.#.#####.
...##...####..#.............


You could see a kobold brigand and 6 kobolds.

Vanquished Creatures
  Sigmund (D:3)
  A water moccasin (D:4)
  An ice beast (D:5)
  2 black bears (D:4)
  An ogre (D:4)
  2 scorpions (D:5)
  A howler monkey (D:4)
  3 hounds (D:5)
  3 jellies
  A sleepcap (D:6)
  2 orc wizards
  A gnoll (D:1)
  5 adders
  2 worms
  A dart slug (D:2)
  6 orcs
  8 ball pythons
  5 endoplasms
  10 giant cockroaches
  7 goblins
  6 hobgoblins
  2 jackals (D:5)
  19 kobolds
  4 quokkas
  3 bats
  A frilled lizard (D:3)
  4 rats
102 creatures vanquished.

Notes
Turn   | Place    | Note
-------+----------+-------------------------------------------
     0 | D:1      | Kurtz the Octopode Fighter began the quest for the Orb.
     0 | D:1      | Reached XP level 1. HP: 16/16 MP: 1/1
   175 | D:1      | Reached XP level 2. HP: 21/21 MP: 2/2
   260 | D:1      | Reached skill level 3 in Axes
   266 | D:1      | Reached XP level 3. HP: 10/26 MP: 3/3
   828 | D:2      | Reached skill level 4 in Axes
   966 | D:2      | Reached XP level 4. HP: 18/31 MP: 4/4
  1556 | D:3      | Noticed Sigmund
  1564 | D:3      | Killed Sigmund
  1565 | D:3      | Reached skill level 5 in Axes
  1565 | D:3      | Reached XP level 5. HP: 36/36 MP: 5/5
  1585 | D:3      | Reached skill level 6 in Axes
  1662 | D:3      | Reached XP level 6. HP: 34/42 MP: 6/6
  1743 | D:3      | Found an ancient bone altar of Kikubaaqudgha.
  1934 | D:3      | You fall into a shaft and drop 3 floors!
  1937 | D:6      | Noticed a human
  1974 | D:5      | Entered Level 5 of the Dungeon
  2234 | D:5      | Found an iron altar of Okawaru.
  2249 | D:5      | Became a worshipper of Warmaster Okawaru
  2278 | D:5      | Reached skill level 7 in Axes
  2402 | D:4      | Noticed a black bear
  2630 | D:5      | Found a shimmering blue altar of Sif Muna.
  2641 | D:5      | Reached XP level 7. HP: 46/46 MP: 7/7
  2914 | D:4      | Reached skill level 8 in Axes
  2988 | D:4      | Found a sparkling altar of Nemelex Xobeh.
  2996 | D:4      | Reached * piety under Okawaru
  3246 | D:4      | Reached skill level 9 in Axes
  3246 | D:4      | Reached XP level 8. HP: 7/52 MP: 8/8
  3246 | D:4      | HP: 1/52 [poisoned by a water moccasin]
  3493 | D:4      | Learned a level 4 spell: Passage of Golubria
  3527 | D:4      | Found a staircase to the Ecumenical Temple.
  4040 | D:3      | Found a hazy altar of Hepliaklqana.
  4077 | D:3      | Found a transporter.
  4097 | D:3      | Found a shimmering altar of Xom.
  4109 | D:3      | Found a transporter.
  4260 | D:3      | Found a runed translucent door.
  4261 | D:3      | Noticed Crazy Yiuf
  4956 | D:5      | HP: 2/52 [kobold/+0 club (5)]
  4957 | D:5      | Slain by a kobold

Illustrated notes

Levels and vault maps discovered:
D:1:      ldierk_walled_garden_2, layout_loops_ring
D:2:      layout_loops_ring, corner_web_ring
D:3:      minmay_roachtagon, layout_loops_ring, mainiacjoe_overflow_alcove_4,
          mainiacjoe_overflow_tiny_flanked, gammafunk_temple_overflow_arena,
          serial_glass, glass_columns_a, glass_columns_a,
          nicolae_concentric_dashed_squares_wild, uniq_sigmund,
          uniq_crazy_yiuf_cottage
D:4:      layout_loops_ring, mainiacjoe_overflow_small_starburst,
          minmay_temple_entry_hall, minmay_surrounded
D:5:      kennysheep_kobold_camp, layout_loops_ring, okawaru_ov_weapons_minmay,
          mainiacjoe_overflow_concentric_impassable
D:6:      kennysheep_slugbush, layout_basic, elyvilon_altar_1,
          grunt_ministairs_6, kb_lookout_dungeons_type, minmay_ruffians

Skill      XL: |  1  2  3  4  5  6  7 |
---------------+----------------------+-----
Axes           | 3 4 5 6 7 9 |  9.9
Fighting       | |  3.0
Dodging        | |  3.0
Shields        | |  3.0

Action                     |  1- 3 |  4- 6 |  7- 9 || total
---------------------------+-------+-------+-------++-------
  Melee: War axe           |    23 |       |     2 ||    25
         Constrict         |    18 |    17 |    19 ||    54
         Tentacles         |    12 |    15 |    28 ||    55
         Whip              |    43 |    68 |    97 ||   208
         Punch             |     2 |     2 |     1 ||     5
  Throw: Dart              |       |     2 |     1 ||     3
 Invoke: Heroism           |       |       |     2 ||     2
    Use: Potion            |       |       |     6 ||     6
   Stab: Sleeping          |     5 |     2 |     7 ||    14
         Distracted        |       |       |     1 ||     1
 Armour: Skin              |    16 |    27 |    67 ||   110
  Dodge: Dodged            |    30 |    42 |    63 ||   135
  Block: Buckler           |    13 |    15 |    27 ||    55

Table legend: (Time is in decaauts)
 A = Elapsed time spent in this place.
 B = Non-inter-level travel time spent in this place.
 C = Inter-level travel time spent in this place.
 D = Time resting spent in this place.
 E = Time spent auto-exploring this place.
 F = Levels seen in this place.
 G = Mean time per level.
                   A        B        C        D        E       F      G
               +--------+--------+--------+--------+--------+-----+--------+
         Total |   4949 |   4641 |    308 |   1096 |   2832 |   6 |  824.8 |
       Dungeon |   4949 |   4641 |    308 |   1096 |   2832 |   6 |  824.8 |
               +--------+--------+--------+--------+--------+-----+--------+

Top non-repeatable levels by time:
     D:5: 1292 daAuts
     D:4: 1073 daAuts
     D:3: 1012 daAuts
     D:2: 832 daAuts
     D:1: 699 daAuts
     D:6: 39 daAuts
